 Dungeon Crawl Stone Soup version 0.20.1-1-g8b1a95d (console) character file.

868 nabot the Skirmisher (level 8, -5/71 HPs)
             Began as a Hill Orc Air Elementalist on Aug 28, 2017.
             Slain by a steam dragon (11 damage)
             ... on level 6 of the Dungeon.
             The game lasted 00:20:53 (3495 turns).

nabot the Skirmisher (Hill Orc Air Elementalist)    Turns: 3495, Time: 00:20:53

Health: -5/71      AC:  4    Str: 11    XL:     8   Next: 3%
Magic:  3/10       EV: 14    Int: 17    God:
Gold:   210        SH:  0    Dex: 11    Spells: 7/10 levels left

rFire    + . .     SeeInvis .   x - +2 war axe (freeze)
rCold    + . .     Gourm    .   (no shield)
rNeg     . . .     Faith    .   a - +0 robe
rPois    +         Spirit   .   z - +1 helmet
rElec    +         Reflect  .   (no cloak)
rCorr    +         Harm     .   (no gloves)
MR       .....                  (no boots)
Stlth    ++........             (no amulet)
Regen    0.3/turn               s - +2 ring of evasion
MPRegen  0.2/turn               (no ring)

@: resistant, flying
A: no striking features
a: no special abilities


You were on level 6 of the Dungeon.
You were very hungry.

You visited 2 branches of the dungeon, and saw 7 of its levels.

You collected 210 gold pieces.

Inventory:

Hand Weapons
 e - a +0 club
 i - a +1 dagger of venom
 m - a +0 quarterstaff
 n - a +0 war axe
 x - a +2 war axe of freezing (weapon)
Missiles
 j - 5 poisoned needles
 r - 8 tomahawks (quivered)
Armour
 a - a +0 robe (worn)
 g - a +0 helmet
 t - a +0 ring mail of magic resistance
 z - a +1 helmet (worn)
Jewellery
 s - a +2 ring of evasion (left hand)
Wands
 w - a wand of flame (46/48)
Scrolls
 u - 2 scrolls of fear
 y - a scroll of enchant armour
 C - a scroll of immolation {unknown}
Potions
 k - a potion of resistance
 p - 2 potions of flight
 q - a potion of lignification {unknown}
 v - a potion of might {unknown}
 A - a potion of mutation {unknown}
Books
 b - a book of Air

   Spells                             Type                      Level
   a - Shock                          Conjuration/Air              1
   b - Swiftness                      Charms/Air                   2
   c - Static Discharge               Conjuration/Air              3
   d - Airstrike                      Air                          4
   e - Lightning Bolt                 Conjuration/Air              5
 o - a book of Cantrips

   Spells                             Type                      Level
   a - Confusing Touch                Hexes                        1
   b - Animate Skeleton               Necromancy                   1
   c - Summon Small Mammal            Summoning                    1
   d - Apportation                    Translocation                1
Comestibles
 c - 7 bread rations
 f - 2 meat rations
 l - 4 fruits
 B - a royal jelly


   Skills:
 + Level 6.8 Fighting
 * Level 4.9 Axes
 - Level 1.5 Dodging
 - Level 1.5 Stealth
 - Level 1.5 Spellcasting
 - Level 1.0 Conjurations
 + Level 5.0 Air Magic


You had 7 spell levels left.
You knew the following spells:

 Your Spells              Type           Power        Failure   Level  Hunger
a - Shock                 Conj/Air       ##..         6%          1    ##.....
z - Animate Skeleton      Necr           N/A          21%         1    ##.....
A - Apportation           Tloc           #.....       21%         1    ##.....


Dungeon Overview and Level Annotations

Branches:
Dungeon (6/15)             Temple (1/1) D:4

Altars:
Ashenzari
Cheibriados
Dithmenos
Elyvilon
Fedhas
Gozag
Hepliaklqana
Nemelex Xobeh
Ru
Trog
Uskayaw
Vehumet
Yredelemnul
Zin


Message History

You are engulfed in a cloud of scalding steam.
* * * LOW HITPOINT WARNING * * *
The steam dragon bites you but does no damage.
The steam dragon barely misses you.
Unknown command.
Evoke which item? (* to show all) (? for menu, Esc to quit)
Okay, then.
Press: ? - help, v - describe, . - travel
Here: a steam dragon (lightly wounded, catching its breath)
The floor.
Okay, then.
It was a potion of resistance.
You feel protected. The steam dragon bites you!
* * * LOW HITPOINT WARNING * * *
The steam dragon completely misses you.
It was a potion of flight.
You feel very buoyant.
You fly up into the air.
The steam dragon bites you!
You die...

##### #.(..§.....
##≈≈.####.#####....
#≈≈...#.#.# #.....
#≈.⌠......####..†..
##≈....#............
#≈....##....#.......
#≈.#####....####.#.#
#≈.§## #.....# #.#.#
#≈.@.###.....# #....
##.D.≈###.##.# ###.#
##..§# #.. .. ...
##.≈# .. ..≈# ..≈##
.§§≈# .§.§§# ##.§≈##


You could see a steam dragon.

Vanquished Creatures
  A steam dragon (D:6)
  A sky beast (D:5)
  A bullfrog (D:5)
  A centaur zombie (D:5)
  A crimson imp (D:5)
  An orc priest (D:6)
  A centaur skeleton (D:4)
  An orc wizard (D:5)
  2 bullfrog skeletons
  2 hounds
  5 worker ants
  2 gnolls (D:4)
  6 adders
  An adder skeleton (D:4)
  3 worms
  3 dart slugs
  5 leopard geckos
  11 orcs
  7 bats
  A giant cockroach (D:1)
  8 goblins
  6 hobgoblins
  15 jackals
  4 quokkas
  A ball python (D:4)
  3 frilled lizards
  6 kobolds
  8 rats
107 creatures vanquished.

Notes
Turn   | Place    | Note
-------+----------+-------------------------------------------
     0 | D:1      | nabot the Hill Orc Air Elementalist began the quest for the Orb.
     0 | D:1      | Reached XP level 1. HP: 14/14 MP: 3/3
   130 | D:1      | Reached skill level 1 in Fighting
   170 | D:1      | Reached XP level 2. HP: 16/23 MP: 2/4
   302 | D:1      | Reached skill level 2 in Fighting
   431 | D:2      | Reached XP level 3. HP: 26/30 MP: 2/5
   565 | D:2      | Found a hide-covered altar of Uskayaw.
   665 | D:2      | Found a hazy altar of Hepliaklqana.
   726 | D:2      | Reached skill level 3 in Fighting
   777 | D:2      | Reached XP level 4. HP: 26/38 MP: 4/6
   831 | D:2      | Found an opulent altar of Gozag.
   903 | D:2      | Learned a level 1 spell: Apportation
   905 | D:2      | Learned a level 1 spell: Animate Skeleton
  1007 | D:3      | Found a shadowy altar of Dithmenos.
  1611 | D:4      | Reached skill level 4 in Fighting
  1722 | D:4      | Found a staircase to the Ecumenical Temple.
  1744 | Temple   | Entered the Ecumenical Temple
  1879 | D:4      | Reached XP level 5. HP: 43/46 MP: 4/7
  1928 | D:4      | Found a radiant altar of Vehumet.
  2170 | D:4      | Reached skill level 5 in Fighting
  2170 | D:4      | Reached XP level 6. HP: 30/56 MP: 3/8
  2398 | D:5      | Entered Level 5 of the Dungeon
  2746 | D:5      | Reached skill level 1 in Axes
  2753 | D:5      | Reached skill level 6 in Fighting
  2753 | D:5      | Reached XP level 7. HP: 37/63 MP: 9/9
  3449 | D:6      | Noticed a steam dragon
  3468 | D:6      | Killed a steam dragon
  3468 | D:6      | Reached skill level 5 in Air Magic
  3468 | D:6      | Reached XP level 8. HP: 38/71 MP: 0/10
  3495 | D:6      | Slain by a steam dragon

Skill      XL: |  1  2  3  4  5  6  7 |
---------------+----------------------+-----
Fighting       | 1 2 3 4 5 6 |  6.8
Air Magic      | 3 4 5 |  5.0
Axes           | 1 4 |  4.9
Dodging        | |  1.5
Stealth        | |  1.5
Spellcasting   | |  1.5
Conjurations   | |  1.0

Action                   |  1- 3 |  4- 6 |  7- 9 || total
-------------------------+-------+-------+-------++-------
Melee: Unarmed           |    33 |       |       ||    33
       Club              |     3 |       |       ||     3
       Dagger            |    44 |    99 |    56 ||   199
       War axe           |       |    12 |     4 ||    16
 Cast: Shock             |    44 |    71 |    28 ||   143
  Use: Scroll            |       |     4 |       ||     4
       Potion            |       |       |     7 ||     7
 Stab: Sleeping          |       |     2 |       ||     2
  Eat: Chunk             |     1 |     8 |     2 ||    11
Armor: Robe              |    32 |    39 |    11 ||    82
Dodge: Dodged            |    93 |   131 |    67 ||   291
